[Event "Lliga Catalana DH 2023"]
[Site "Catalonia"]
[Date "2023.02.04"]
[Round "3.3"]
[White "Asis Gargatagli, Hipolito"]
[Black "Gonzalez Garcia, Jose"]
[Result "1/2-1/2"]
[ECO "C11"]
[WhiteElo "2501"]
[BlackElo "2450"]
[Annotator "TA"]
[PlyCount "48"]
[EventDate "2023.01.24"]
[EventType "team-tourn"]
[EventCountry "ESP"]
[SourceTitle "playchess.com"]
[Source "ChessBase"]
[SourceQuality "1"]
[TimeControl "40/5400+30:1800+30"]

1. e4 e6 2. d4 d5 3. Nc3 Nf6 4. e5 Nfd7 5. f4 c5 6. Nf3 Nc6 7. Be3 a6 8. a3 cxd4 9. Nxd4 Bc5 {C11: French: Classical System: 4 e5 and 4 Bg5 dxe4.} 10. Qd2 g5 11. Nf3 ({Much worse is} 11. fxg5 Nxd4 12. Bxd4 Bxd4 13. Qxd4 Qxg5 $15) 11... d4 {[%mdl 64] [#] Deflection. White has an edge.} 12. Bxd4 Nxd4 13. Nxd4 gxf4 $1 {[%mdl 64] Remove Defender} 14. Qxf4 {Black must now prevent 0-0-0.} Nxe5 $1 15. O-O-O Ng6 {[#]} 16. Qe4 $146 {[%cal Od4e6][%mdl 2048] And now Nxe6! would win. White has the initiative.} ({Predecessor:} 16. Qd2 e5 17. Nb3 Qxd2+ 18. Kxd2 Ba7 19. Nd5 O-O 20. Kc1 Be6 21. Na5 Rad8 22. Bc4 {0-1 Paravyan,D (2617)-Erigaisi,A (2675) Chess.com Rapid Wk12 Swiss 2022 (9)}) 16... Qf6 (16... Qh4 $11) 17. Nb3 Ba7 (17... Be7 $14) 18. Bxa6 $16 O-O 19. Bb5 Bb8 {[%cal Ba7b8,Bb8e5,Be5f6][%mdl 32] Black is weak on the light squares} 20. Kb1 Be5 21. Rd3 {White is much more active.} Kh8 22. h4 {Threatens to win with h5.} Qg7 23. g3 f5 {[#]} 24. Qe1 ({Better is} 24. Qb4 $1) 24... Bf6 {Weighted Error Value: White=0.14 (very precise) /Black=0.19 (very precise)} 1/2-1/2

[Event "Lliga Catalana DH 2023"]
[Site "Catalonia"]
[Date "2023.02.04"]
[Round "3.3"]
[White "Vidal Zamora, Alex"]
[Black "Dominguez Pons, Eric"]
[Result "1/2-1/2"]
[ECO "D46"]
[WhiteElo "2399"]
[BlackElo "2333"]
[Annotator "TA"]
[PlyCount "171"]
[EventDate "2023.01.24"]
[EventType "team-tourn"]
[EventCountry "ESP"]
[SourceTitle "playchess.com"]
[Source "ChessBase"]
[SourceQuality "1"]
[TimeControl "40/5400+30:1800+30"]

1. d4 d5 2. c4 c6 3. Nf3 Nf6 4. Nc3 e6 5. e3 Nbd7 6. Qc2 Bd6 7. Bd3 dxc4 8. Bxc4 b5 9. Be2 {[%emt 0:00:31] D46: Semi-Slav: 5 e3 Nbd7 6 Bd3, Black avoids the Meran.} Qc7 10. e4 e5 11. Bg5 O-O {[%emt 0:10:31] [#]} 12. Rc1 $146 {[%emt 0:09:30][%cal Oc3b5] And now Nxb5! would win.} ({Predecessor:} 12. dxe5 Bxe5 13. Nxe5 Qxe5 14. f4 Qc5 15. Qd3 Qb4 16. O-O Nc5 17. Qd6 Nfxe4 18. Nxe4 Qxe4 {½-½ Caetano,R (2219)-De Oliveira,I (1857) Santa Catarina State-ch 65th 2021 (2)}) 12... a6 13. dxe5 Nxe5 14. Bxf6 Nxf3+ 15. Bxf3 gxf6 16. h3 Qe7 17. Kf1 Be6 18. g3 a5 19. Kg2 Be5 20. Bg4 Rfd8 21. Nd1 (21. Rhe1 $11) 21... Rac8 (21... Bc4 $15 22. Bf5 (22. b3 Bd3 $17) 22... Ra6) 22. Re1 Qb4 23. Re2 Bd4 24. a3 (24. Ne3 $5) 24... Qe7 25. Ne3 Bxe3 26. Rxe3 Rd4 27. Qe2 Qd6 28. Rc2 Rd8 29. Bxe6 (29. Qf3 {is interesting.} Kg7 30. Bf5 Bxf5 31. Qxf5 Re8 32. Rec3) 29... Qxe6 30. Qg4+ (30. Rc5 $14) 30... Qxg4 $11 31. hxg4 {[%emt 0:00:01][%mdl 4096] Endgame KRR-KRR} R8d6 32. Kf3 Rd2 33. Rec3 R6d3+ 34. Kf4 Rxc3 35. Rxd2 {[%emt 0:00:02] KR-KR} Rc4 36. Kf5 Kg7 37. f3 Rc5+ 38. Kf4 Rc1 39. g5 fxg5+ 40. Kxg5 b4 41. axb4 axb4 42. e5 Re1 43. f4 Re3 44. g4 b3 {[%emt 0:00:07] Against Rc2} 45. Rd7 h6+ 46. Kf5 Re2 47. Rb7 (47. Re7 $5 c5 $8 48. Rc7 $11 (48. e6 Rxe6 49. Rc7 Re2 $11)) 47... Re3 (47... Rxb2 $2 48. e6 Rf2 49. Rxf7+ (49. exf7 b2 $11) 49... Kg8 50. Kg6 $18) 48. Re7 c5 $1 (48... Re2 49. e6 Rxe6 50. Rxe6 fxe6+ 51. Kxe6 $18) 49. Rc7 (49. Rb7 $5) 49... Re2 50. Rxc5 Rxb2 51. Rb5 h5 52. gxh5 $14 {[%emt 0:01:12][%cal Oh5h6] [#] Threatens to win with h6+!} Rh2 $1 53. Rxb3 {[%emt 0:01:25] Rg3+ would be deadly.} Rxh5+ 54. Ke4 Rh1 55. Rb6 Rh2 56. Rb3 Rh1 $1 57. Rg3+ Kf8 58. Rg4 Re1+ 59. Kf5 Rh1 60. Kf6 {[%emt 0:00:35] Black must now prevent f5.} Rh6+ 61. Kg5 Rg6+ 62. Kf5 Rh6 63. Rg2 Ra6 64. Rh2 Kg7 65. Rd2 Rh6 66. Rd4 Rh1 67. Rd3 Rh2 68. Rg3+ Kf8 69. Kg5 Kg7 70. Rg4 Re2 71. Rg1 Re3 {[%emt 0:00:36] [#]} (71... Rf2 $1 $14) 72. Rh1 ({White should play} 72. Kf5+ $1 $16 Kf8 73. Kf6) 72... Rg3+ 73. Kf5 Rg2 74. Rh4 {[%emt 0:00:13] Threatening mate with Rg4+.} Ra2 75. Kg5 ({White should try} 75. Rg4+ $14 Kf8 76. Rg1) 75... Ra5 (75... Rg2+ $11 76. Rg4 Rb2) 76. Rh6 Ra1 {[%emt 0:00:14] ( -> ...Rg1+)} 77. Rd6 Rg1+ 78. Kf5 Rh1 79. Rd3 (79. Rd8 $14) 79... Rh5+ (79... Rh2 $11) 80. Ke4 Rh1 81. Rg3+ Kf8 82. f5 Ke7 $1 {[%emt 0:01:49] The position is equal.} 83. Rd3 Re1+ 84. Kd5 f6 85. exf6+ Kxf6 86. Rf3 {[%emt 0:00:07] Weighted Error Value: White=0.09 (flawless) /Black=0.09 (flawless)} 1/2-1/2

[Event "Lliga Catalana DH 2023"]
[Site "Catalonia"]
[Date "2023.02.04"]
[Round "3.4"]
[White "Iermito, Sebastian"]
[Black "Rizouk, Aimen"]
[Result "1-0"]
[ECO "C49"]
[WhiteElo "2528"]
[BlackElo "2454"]
[Annotator "TA"]
[PlyCount "168"]
[EventDate "2023.01.24"]
[EventType "team-tourn"]
[EventCountry "ESP"]
[SourceTitle "playchess.com"]
[Source "ChessBase"]
[SourceQuality "1"]
[TimeControl "40/5400+30:1800+30"]

1. e4 e5 2. Nf3 Nc6 3. Nc3 Nf6 4. Bb5 Bb4 5. O-O O-O 6. Bxc6 dxc6 7. d3 Re8 {7...Nd7 is the hot move.} 8. Ne2 {C49: Four Knights: 4 Bb5 Bb4.} Nd7 9. Ng3 Nf8 10. Be3 {The position is equal.} Bd6 11. Nd2 {[#]} Ne6 $146 ({Predecessor:} 11... Ng6 12. Qf3 Be6 13. Nf5 Qd7 14. g4 c5 15. b3 f6 16. Kh1 Nf4 17. Rg1 g6 {½-½ Giri,A (2780)-Radjabov,T (2765) FTX Crypto Cup KO rapid 2021 (1.22)}) 12. Nc4 c5 13. Nxd6 cxd6 14. f4 exf4 15. Bxf4 d5 16. Be3 {Threatening Qf3.} (16. Bd2 $5 ) 16... f6 17. Qh5 dxe4 (17... b6 {simplifies} 18. Qxd5 Qxd5 19. exd5 Nc7) 18. Nxe4 (18. dxe4 $5 Bd7 19. e5 $11 (19. Bxc5 Qa5 $11)) 18... b6 $1 {[#]} 19. Nd6 $1 {[%mdl 64] Prevents Bb7. Deflection} Re7 {Prevents Qf7+} 20. Qf3 $36 {[%mdl 2048] White has some pressure.} Rb8 (20... Nc7 $1 $11 {keeps the balance.} 21. Bf4 Be6) 21. Qg3 $16 {White is much more active.} Rc7 (21... Nc7 $142) 22. Rae1 $18 Bd7 (22... b5 $142 23. Ne4 Kh8 24. Bxc5 Nxc5) 23. Bh6 {Hoping for Nf5.} Qf8 24. Ne4 f5 25. Nd6 (25. Qe5 $142 Qe7 26. Ng3) 25... f4 26. Bxf4 Nxf4 27. Qxf4 (27. Ne4 $18 Qf5 28. Rxf4 (28. Qxf4 Qxf4 29. Rxf4 Bc6 $16)) 27... Qxf4 $16 28. Rxf4 Bc6 29. Nf5 {Black must now prevent Ne7+.} Rbb7 30. Nd6 Rb8 31. Nf5 {Ne7+ would be deadly.} Rbb7 $1 32. Ref1 {[%cal Of5e7] White wants to mate with Ne7+!} h6 33. Nd6 Rb8 {Dodges Rf8+} 34. b3 Rd8 35. Ne4 Re7 36. Ng3 Rde8 37. h4 Re3 ({Black should play} 37... Re6) 38. Nf5 $1 Re1 39. Rxe1 Rxe1+ {[%mdl 4096] Endgame KRB-KRN} 40. Kf2 Re5 41. Ne3 Re7 42. Nf5 Re5 43. Ne3 Re7 $1 44. Nc4 Bd5 45. Nd2 Bc6 46. Nf3 Bb7 47. g4 Bc6 48. h5 Bd7 49. Nh4 Re8 50. Ng6 Be6 51. Kg3 Bd5 52. Kf2 $2 {Repels Re3} ({White should try} 52. c4 $18 Bf7 53. Re4) 52... Bc6 (52... Be6 $1 $11) 53. Nh4 Bd7 54. Ng6 $2 ({Better is} 54. Kf3 $18) 54... Bc6 $2 (54... Be6 $11 {and Black stays safe.}) 55. Rf5 $18 Bd7 56. Re5 Kf7 57. Kg3 Kf6 58. Rxe8 Bxe8 {KB-KN} 59. Nh4 Ke5 (59... Bd7 $16 60. Kf4 Bc6) 60. Nf3+ Kd5 61. Kf4 $1 Bd7 62. Nh4 Ke6 63. Nf5 Kf6 64. Nd6 {Prevents Be8.} Ke6 65. Ne4 (65. Nc4 $142 $1) 65... Be8 66. Ng3 {Strongly threatening Nf5.} Kf6 67. Nf5 $2 (67. Nf1 $16) 67... Bd7 $1 68. Nd6 Ke6 $1 {[#]} 69. Nc4 $1 Be8 70. Ne3 Bf7 {[#]} 71. Nf5 $1 Kf6 72. Nd6 {Prevents Be8. aiming for Nxf7.} Be6 73. Nb5 a5 (73... a6 $142) 74. a4 Ke7 75. Na3 Kd6 76. Nc4+ Kc6 77. Ne3 b5 78. Nf5 bxa4 79. bxa4 (79. Nxg7 $2 {loses.} a3 80. Nxe6 a2 $19) 79... Ba2 80. Nxg7 {Nf5 would kill now.} Bb1 81. g5 {White mates.} hxg5+ 82. Kxg5 Bxc2 83. h6 Bxd3 84. Nf5 Kd5 {Weighted Error Value: White=0.32/Black=0.28 (precise)} 1-0

[Event "Lliga Catalana DH 2023"]
[Site "Catalonia"]
[Date "2023.02.04"]
[Round "3.4"]
[White "Travesset Sagre, Jan"]
[Black "Siebrecht, Sebastian"]
[Result "1/2-1/2"]
[ECO "B37"]
[WhiteElo "2237"]
[BlackElo "2370"]
[Annotator "TA"]
[PlyCount "121"]
[EventDate "2023.01.24"]
[EventType "team-tourn"]
[EventCountry "ESP"]
[SourceTitle "playchess.com"]
[Source "ChessBase"]
[SourceQuality "1"]
[TimeControl "40/5400+30:1800+30"]

1. d4 g6 2. c4 Bg7 3. Nf3 c5 4. Nc3 cxd4 5. Nxd4 Nc6 6. Nc2 d6 7. e4 Bxc3+ 8. bxc3 Nf6 9. f3 Qa5 10. Bd2 O-O 11. Ne3 {[%emt 0:46:18] [#] B37: Sicilian: Maroczy Bind with 5...Bg7, sidelines.} Re8 $146 ({Predecessor:} 11... Ne5 12. Qb3 Bd7 13. h4 Rfc8 14. Nd5 Nxd5 15. cxd5 Qc5 16. Qb4 Qxb4 17. cxb4 Rc2 18. Be2 Rac8 {0-1 Rasmussen,A (2498)-Tari,A (2521) Wch Blitz 9th 2015 (16)}) 12. Be2 Be6 13. O-O {[%emt 0:02:47] The position is equal.} Rac8 14. Qb3 (14. Nd5 $11) 14... Ne5 15. Rab1 (15. Qb5 $11 Qxb5 16. cxb5) 15... b6 $15 16. Nd5 {[%emt 0:03:40] [#]} Nxc4 $1 {[%emt 0:03:18][%mdl 64] Decoy} 17. Bxc4 Qc5+ 18. Be3 Qxc4 19. Qxc4 Rxc4 20. Nxf6+ exf6 21. Bd4 f5 22. exf5 Bxf5 23. Rbe1 Re6 24. g4 (24. Rd1 $142) 24... Bd3 $17 25. Rxe6 fxe6 {[%emt 0:00:02][%mdl 4096] Endgame KRB-KRB} 26. Rd1 Bc2 27. Rd2 Ba4 28. f4 (28. Bf6 $142) 28... Bc6 29. g5 Bd5 30. a3 Ra4 31. Bf6 {[%emt 0:00:41] [#]} Kf7 ({Stronger than} 31... Rxa3 32. c4 Bxc4 33. Rxd6 $17) (31... b5 $1 $19 {and Black stays clearly on top. Strongly threatening ...Kf7.} 32. Rb2 a6) 32. Rd4 Rxd4 ({Don't play} 32... Rxa3 33. c4 $11) 33. Bxd4 {[%emt 0:00:17] KB-KB} Ke7 34. Kf2 Kd7 35. Ke3 Bc4 36. Bg7 Kc6 37. Kd4 Ba2 38. Bf8 Bb1 39. Be7 Bf5 40. Bf8 Kd7 41. Bg7 a5 42. Bf8 Kc6 43. Be7 b5 44. Bd8 a4 45. Be7 Bc2 46. Bf8 Bb3 47. Be7 Kd7 48. Bf8 Bc4 49. Bg7 Ke7 50. Bf6+ Kf7 51. Bd8 Ba2 52. Ke4 Ke8 53. Bf6 Kd7 54. Kd4 Bb1 55. Bg7 Ke7 56. Bf6+ Kf7 57. Bh8 {[%emt 0:00:07] [#]} (57. c4 $11) 57... Bc2 (57... Ba2 $1 $17) 58. Ke3 (58. c4 $1 $11) 58... Bf5 ({Black should play} 58... Bb3 $17) 59. Kd4 $1 $11 Bh3 60. Ke3 (60. c4 $1 $11 {keeps the balance.}) 60... Bg2 $17 61. Kd4 {[%emt 0:00:28] White happily takes the draw.   Weighted Error Value: White=0.14 (very precise) /Black=0.12 (very precise)} 1/2-1/2

[Event "Lliga Catalana DH 2023"]
[Site "Catalonia"]
[Date "2023.02.04"]
[Round "3.5"]
[White "Lorenzo De La Riva, Lazaro"]
[Black "Matnadze Bujiashvili, Ann"]
[Result "1/2-1/2"]
[ECO "D35"]
[WhiteElo "2419"]
[BlackElo "2392"]
[Annotator "TA"]
[PlyCount "142"]
[EventDate "2023.01.24"]
[EventType "team-tourn"]
[EventCountry "ESP"]
[SourceTitle "playchess.com"]
[Source "ChessBase"]
[SourceQuality "1"]
[TimeControl "40/5400+30:1800+30"]

1. d4 Nf6 2. c4 e6 3. Nc3 d5 4. cxd5 exd5 5. Bg5 c6 6. e3 Be7 7. Bd3 Nbd7 8. Nf3 Nf8 9. Ne5 {D35: Queen's Gambit Declined: Exchange Variation.} Ne6 10. Bh4 g6 {[#]} 11. f3 $146 ({Predecessor:} 11. O-O Ng7 12. b4 a6 13. Rb1 Nf5 14. Bg5 h6 15. Bf4 Nh5 16. Ne2 Nxf4 17. exf4 {1-0 Georgiev,K (2608)-Pantev,V (2435) Nea Moudania op 2nd 2016 (7)}) 11... Nd7 12. Bg3 Nxe5 13. Bxe5 Bh4+ 14. Bg3 Bxg3+ (14... Qg5 {looks sharper.} 15. Kf2 O-O 16. Qd2 Re8) 15. hxg3 Qg5 16. Kf2 {Active counter play!} h5 17. b4 Bd7 (17... Ng7 $5 ) 18. Qb3 Kf8 (18... O-O {keeps more tension.} 19. b5 Rfe8 20. Rae1 Rac8) 19. Ne2 Re8 20. Bc2 Kg7 21. Qc3 Qf6 22. Raf1 Nc7 23. a4 $1 {Prevents Nb5.} Re7 {aiming for ...Rhe8.} 24. Nf4 h4 25. gxh4 Rxh4 26. g3 Rxh1 27. Rxh1 Re8 28. Nd3 Bf5 29. Ne5 Bxc2 30. Qxc2 Qe7 (30... Ne6 $11) 31. Qc5 (31. g4 $5 ) 31... f6 (31... Na8 {simplifies} 32. Re1 Nc7 33. Qxe7 Rxe7 34. Rb1 g5) 32. Ng4 (32. Qxe7+ {simplifies} Rxe7 33. Nd3 Ne8 34. b5) 32... a6 33. Kg2 Ne6 34. Qxe7+ Rxe7 $11 {[%cal Be8e7,Be7c7,Bc7c2][%mdl 4128] Endgame KRN-KRN} 35. f4 Nd8 36. b5 cxb5 37. axb5 Rc7 38. Ra1 axb5 39. Rb1 Nf7 40. Rxb5 Nd6 41. Rxd5 Ne4 42. Rb5 Rc2+ (42... f5 $1 $11 43. Ne5 Rc2+ 44. Kf1 Nxg3+ 45. Ke1 Re2+ 46. Kd1 Rxe3) 43. Kh3 $14 Rc7 44. Rb2 Nd6 (44... g5 $142) 45. Nf2 (45. Rb6 $16 Rc6 46. Rxc6 bxc6 47. Kg2) 45... f5 46. Nd3 b5 47. Nc5 {[#] Black must now prevent Ne6+.} Re7 {Prevents Ne6+.} 48. Rb3 Ra7 49. g4 Kf7 50. Kg3 Ra1 51. g5 Ra2 52. Rb1 Ke7 53. Rh1 Nc4 54. Rh7+ Kd6 55. Rd7+ Kc6 56. Re7 Nd2 57. e4 Ra3+ 58. Kf2 Nxe4+ 59. Nxe4 fxe4 60. Rxe4 $11 {KR-KR} Kd5 {Prevents Re6.} 61. Re5+ Kxd4 62. Re6 (62. Rxb5 $5 Ke4 $8 63. Rb4+ Kf5 64. Rd4 $11) 62... b4 63. Rxg6 Ke4 64. Rf6 b3 65. g6 {Hoping for g7.} b2 66. Rb6 Kxf4 67. Rxb2 Rf3+ $2 {[%mdl 8192] [#]} (67... Ra8 $11) 68. Ke2 $2 (68. Kg1 $1 {mates} Rc3 69. g7 Rc1+ 70. Kh2 Rc8 71. Rf2+ Ke5 72. Rf8 Rc2+ 73. Kg3) 68... Rg3 {( -> ...Rg2+). The position is equal.} 69. Rb6 Kf5 70. Kf2 Rxg6 71. Rxg6 Kxg6 {Weighted Error Value: White=0.12 (very precise) /Black=0.09 (flawless)} 1/2-1/2

[Event "Lliga Catalana DH 2023"]
[Site "Catalonia"]
[Date "2023.02.04"]
[Round "3.5"]
[White "Triadu Cassa, Jordi"]
[Black "Roca Planas, Edgar"]
[Result "0-1"]
[ECO "B19"]
[WhiteElo "2195"]
[BlackElo "2153"]
[Annotator "TA"]
[PlyCount "65"]
[EventDate "2023.01.24"]
[EventType "team-tourn"]
[EventCountry "ESP"]
[SourceTitle "playchess.com"]
[Source "ChessBase"]
[SourceQuality "1"]
[TimeControl "40/5400+30:1800+30"]

1. e4 c6 2. d4 d5 3. Nc3 dxe4 4. Nxe4 Bf5 5. Ng3 Bg6 6. h4 h6 7. Nf3 e6 8. h5 Bh7 9. Bd3 Bxd3 10. Qxd3 Nf6 11. Bd2 Be7 12. O-O-O O-O 13. Kb1 {[%emt 0:00:41] B19: Classical Caro-Kann: 4...Bf5 main line.} c5 14. Ne4 Nbd7 15. Nxf6+ {[%emt 0:10:43] White has an edge.} Nxf6 16. Be3 (16. Rhg1 $5 ) 16... Rc8 {[%emt 0:04:15] [#] White must now prevent ...c4.} 17. Qe2 $146 ({Predecessor:} 17. Ne5 Qc7 18. c3 Nd5 19. Ka1 c4 20. Qe2 b5 21. Rh3 b4 22. Rg3 Kh7 23. Bd2 bxc3 24. Bxc3 {0-1 Beerdsen,T (2484)-Abdusattorov,N (2646) Castelldefels Llobregat op 2nd 2021 (7)}) 17... Qb6 18. Ka1 Rfd8 19. c3 Qa5 20. dxc5 Nd5 (20... Qc7 {simplifies} 21. Bd4 Bxc5 22. Bxf6 gxf6 23. Nd2 Bb6) 21. Bd4 b6 {[%emt 0:02:53][%cal Bb7b6,Bb6b5,Bb5b4][%mdl 32] [#]} 22. c6 $1 {[%emt 0:01:20] Strongly threatening g4.} b5 23. Ne5 Bf6 (23... b4 $1 $11) 24. g4 (24. Rhe1 $16 {[%cal Oe5f7] Nxf7! would be deadly.} Qc7 25. Qxb5) 24... b4 $1 $15 25. Nc4 (25. g5 {is interesting.} Bxg5 26. Nf3 Bf6 27. Bxf6 Nxf6 28. cxb4 Qxb4 29. Rxd8+ Rxd8 30. a3) 25... Qa6 26. Bxf6 gxf6 $40 {[%emt 0:00:28][%mdl 128] Black has some attack.} 27. cxb4 Rxc6 ({Black should try} 27... Qxc6 $15 28. Ne3 Nxb4) 28. b3 $11 Rb8 29. Rd2 Rxb4 {[%emt 0:02:38] [#]} (29... Qc8 $11) 30. Rc1 $2 {[%emt 0:01:05][%mdl 8192] Now White is beyond hope.} (30. Rxd5 $1 $16 exd5 31. Qe8+ Kg7 32. Ne3) 30... Rxb3 $19 {[%emt 0:01:54] Threatens to win with ...Rc3.} 31. Rb2 $2 (31. Rdc2) 31... Rc3 32. Rxc3 Nxc3 33. Qd2 {[%emt 0:00:32] Weighted Error Value: White=0.78/Black=0.28 (precise)} 0-1

[Event "Lliga Catalana DH 2023"]
[Site "Catalonia"]
[Date "2023.02.04"]
[Round "3.6"]
[White "Baches Garcia, Guillermo"]
[Black "Alonso Moyano, Jonathan"]
[Result "1/2-1/2"]
[WhiteElo "2328"]
[BlackElo "2339"]
[Annotator "TA"]
[PlyCount "19"]
[EventDate "2023.01.24"]
[EventType "team-tourn"]
[EventCountry "ESP"]
[SourceTitle "playchess.com"]
[Source "ChessBase"]
[SourceQuality "1"]
[TimeControl "40/5400+30:1800+30"]

1. e4 c5 2. Nf3 a6 3. c4 Nc6 4. d4 cxd4 5. Nxd4 e5 6. Nc2 Bc5 {6...Bc5 is better than 6...Nf6. B28: Sicilian: 2 Nf3 a6 (O'Kelly Variation).} 7. Nc3 d6 8. Be3 Nge7 {[#]} 9. Qd2 $146 ({Predecessor:} 9. Be2 O-O 10. O-O Be6 11. b3 Rc8 12. Na4 Bxe3 13. Nxe3 Nd4 14. Bd3 b5 15. Nc3 {½-½ Uzumcu,A (2249)-Sadikhov,U (2485) TUR-chT 1st League 2022 (2.6)}) 9... O-O 10. O-O-O {Not much happened in this game.   Weighted Error Value: White=0.04 (flawless) /Black=0.04 (flawless)} 1/2-1/2

[Event "Lliga Catalana DH 2023"]
[Site "Catalonia"]
[Date "2023.02.04"]
[Round "3.6"]
[White "Delisau Gil, Oriol"]
[Black "Aymerich Verdaguer, Eduard"]
[Result "1-0"]
[ECO "A26"]
[WhiteElo "2223"]
[BlackElo "2208"]
[Annotator "TA"]
[PlyCount "105"]
[EventDate "2023.01.24"]
[EventType "team-tourn"]
[EventCountry "ESP"]
[SourceTitle "playchess.com"]
[Source "ChessBase"]
[SourceQuality "1"]
[TimeControl "40/5400+30:1800+30"]

1. Nf3 Nf6 2. c4 g6 3. Nc3 Bg7 4. g3 d6 5. Bg2 O-O 6. O-O e5 7. Rb1 a5 8. a3 Nc6 9. b4 axb4 10. axb4 Bf5 11. d3 Qd7 12. b5 Nd4 {[%emt 0:06:20] A26: English Opening vs King's Indian with ...Nc6 and d3.} 13. Be3 (13. Nh4 {looks sharper.} Bh3 14. Bxb7 Bxf1 15. Qxf1 Ra5 16. Bg2) 13... Nxf3+ 14. Bxf3 c6 {[%emt 0:00:06] White has an edge.} 15. bxc6 bxc6 16. Rb6 Rfc8 17. Qb3 {[%emt 0:01:50] [#]} Be6 $146 ({Predecessor:} 17... Qe8 18. Rb1 e4 19. dxe4 Nxe4 20. Nxe4 Bxe4 21. Bxe4 Qxe4 22. Qd3 {½-½ Stean,M-Vaganian,R Moscow 1975}) 18. Rb7 Rc7 19. Rxc7 Qxc7 20. Rb1 h6 21. h4 Nd7 $2 (21... Qc8 $11 {and Black is okay.}) 22. Nb5 $18 cxb5 23. Bxa8 bxc4 24. dxc4 Qxc4 25. Qxc4 Bxc4 26. Rb7 Nf6 27. Rb8+ Kh7 28. Kf1 d5 29. Ba7 Ne4 30. Rd8 Nc3 31. Kg2 (31. Ke1 $142) 31... d4 32. e3 Bf6 $1 {[%emt 0:00:55] Prevents exd4} 33. Rd6 d3 $1 34. e4 $2 (34. Rxf6 d2 35. Bf3 Bd5 $17) (34. Rd7 $11 {and White has nothing to worry.}) 34... Be7 $1 $19 35. Rd7 {[%emt 0:00:07] [#] aiming for Bc6.} Bb5 {[%emt 0:00:53] Against Bc6} 36. Rxe7 (36. Rxd3 $142 Bxd3 37. Kf3) 36... d2 37. Rxf7+ Kg8 38. Rc7 d1=Q {[%emt 0:04:25] ( -> ...Bf1+)} (38... d1=B 39. Rxc3 Bg4 40. Bd5+ Kf8 41. f3 $18) 39. Rxc3 {[%emt 0:00:08] [#]} Qf1+ $2 (39... Bf1+ $1 {mates} 40. Kh2 Qg4 41. Bd5+ Kg7 42. Be6 Qxe6 43. g4 Qxg4 44. Rg3 Qxh4+ 45. Kg1 Bb5 46. Re3 Qg4+ 47. Kh2 Bf1 48. Rg3 Qh4+ 49. Kg1 Bb5 50. Re3 Qg4+ 51. Kh2 Bf1 52. Rg3 Qh4+) 40. Kh2 $11 Bc4 $2 {[%emt 0:00:49][%mdl 8192] [#]} (40... Bd7 $11 41. Bd5+ Kh8) 41. Rxc4 $1 {[%emt 0:30:17][%mdl 576] Remove Defender} g5 (41... Kf8 42. Bd5) 42. Bd5+ Kg7 43. Rc7+ Kg6 44. Bf7+ {[%emt 0:00:17] White mates.} Kf6 45. h5 Qe2 46. Bg6 Ke6 47. Be3 Kf6 48. Rf7+ Ke6 49. Rh7 Kf6 50. Rxh6 Kg7 51. Rh7+ (51. Bxg5 Qxf2+ 52. Kh3 Qf1+ 53. Kh4 Qh1+ 54. Kg4 Qd1+ 55. Kf5 Qf3+ 56. Bf4 exf4 57. Rh7+ Kg8 58. gxf4 Qh3+ 59. Kf6 Qc3+ 60. Kf5 (60. e5 Qd4 $11) 60... Qh3+ 61. Kf6 Qc3+ 62. Ke6 (62. e5 Qd4 $11) 62... Qb3+ 63. Kf5 Qh3+ $11) 51... Kg8 52. Rf7 g4 53. h6 {[%emt 0:00:13] Weighted Error Value: White=0.81/Black=0.69} 1-0